 Dungeon Crawl Stone Soup version 0.22.1-2-g9c5b331 (webtiles) character file.

242 Fang the Skirmisher (level 6, 0/39 HPs)
             Began as a Gargoyle Berserker on Dec 18, 2018.
             Was a Priest of Trog.
             Slain by Sigmund
             ... wielding a +0 scythe of slicing
              (3 damage)
             ... on level 4 of the Dungeon.
             The game lasted 00:05:11 (2725 turns).

Fang the Skirmisher (Gargoyle Berserker)            Turns: 2725, Time: 00:05:11

Health: 0/39       AC: 11    Str: 23    XL:     6   Next: 9%
Magic:  6/6        EV: 11    Int:  7    God:    Trog [***...]
Gold:   176        SH:  0    Dex:  9    Spells: 5/5 levels left

rFire    . . .     SeeInvis .   a - +0 hand axe
rCold    . . .     Gourm    .   (no shield)
rNeg     + . .     Faith    .   k - +0 scale mail
rPois    ∞         Spirit   .   (no helmet)
rElec    +         Reflect  .   (no cloak)
rCorr    .         Harm     .   (no gloves)
MR       .....                  (no boots)
Stlth    ..........             (no amulet)
HPRegen  0.13/turn              (no ring)
MPRegen  0.10/turn              (no ring)

@: berserk cooldown, slowed, very slow
A: negative energy resistance 1, electricity resistance, unbreathing,
petrification resistance, rot immunity, AC +4
a: Berserk, Trog's Hand, Renounce Religion


You were on level 4 of the Dungeon.
You worshipped Trog.
Trog was most pleased with you.
You were very hungry.

You visited 1 branch of the dungeon, and saw 4 of its levels.

You collected 176 gold pieces.

Inventory:

Hand Weapons
 a - a +0 hand axe (weapon)
Armour
 k - a +0 scale mail (worn)
Wands
 l - a wand of paralysis (7)
 q - a wand of iceblast (10)
Scrolls
 d - a scroll of identify {unknown}
 e - a scroll of random uselessness {unknown}
 j - 2 scrolls of teleportation {unknown}
 m - a scroll of remove curse {unknown}
 o - a scroll of magic mapping {unknown}
 p - a scroll of enchant armour {unknown}
 t - a scroll of noise {unknown}
 v - 3 scrolls of fog {unknown}
Potions
 b - a potion of magic {unknown}
 f - a potion of might {unknown}
 g - a potion of lignification {unknown}
 h - a potion of agility {unknown}
 i - a potion of degeneration {unknown}
 n - a potion of haste {unknown}
 r - a potion of ambrosia {unknown}
 u - a potion of resistance {unknown}
Comestibles
 c - 6 rations
 s - a chunk of flesh


   Skills:
 + Level 4.3 Fighting
 + Level 4.3 Axes
 + Level 3.5 Armour
 + Level 2.5 Dodging
 + Level 1.0 Stealth


You had 5 spell levels left.
You didn't know any spells.
Your spell library was empty.

Dungeon Overview and Level Annotations

Branches:
Dungeon (4/15)
 Temple: D:4-7

Altars:
Kikubaaqudgha

Annotations:
D:4 Sigmund


Innate Abilities, Weirdness & Mutations

You are resistant to torment.
Your stone body is resilient. (AC +4)
You are immune to poison.
You resist negative energy. (rN+)
You are resistant to electric shocks. (rElec)
You can survive without breathing.
You are immune to petrification.
You are immune to rotting.


Message History

Trog accepts your kill.
You closely miss something.
You feel a strong urge to attack something.
You slash something! Something hits you.
You closely miss something.
You feel your anger nearly subside.
You are no longer berserk.
You are exhausted.
You feel yourself slow down.
You hit something. Something hits you!
You barely miss something. Something hits you but does no damage.
Something hits you.
You miss something. Something hits you.
You miss something. Something hits you but does no damage.
You barely miss something. Something hits you but does no damage.
You hit something. Something hits you!
* * * LOW HITPOINT WARNING * * *
x2 You closely miss something.
Something hits you but does no damage.
You barely miss something. Something hits you!
* * * LOW HITPOINT WARNING * * *
You die...

#.# ###### #.# ##....#
### #######.###.....#
.... #....##.......#..
..... #....#####...###.
###..###....# ###....#..
![#.........##..........
$$#...{.....##..........
)(#....@†...##..........
###......#####.......#..
...........# #......###.
...........###.......#..
##..........##.....#....
.............#........##
...............(......+.
......................#)
......................#)


There were no monsters in sight!

Vanquished Creatures
  A howler monkey (D:4)
  A hound (D:4)
  3 gnolls (D:4)
  4 adders
  2 oozes
  An adder skeleton (D:4)
  4 dart slugs
  5 leopard geckos
  9 bats
  2 bat zombies (D:2)
  5 giant cockroaches
  9 goblins
  12 hobgoblins
  2 jackals (D:1)
  A ball python (D:3)
  5 frilled lizards
  9 kobolds
  A quokka skeleton (D:4)
  10 rats
  2 rat zombies (D:2)
  6 plants (D:1)
94 creatures vanquished.

Notes
Turn   | Place    | Note
-------+----------+-------------------------------------------
     0 | D:1      | Fang the Gargoyle Berserker began the quest for the Orb.
     0 | D:1      | Reached XP level 1. HP: 14/14 MP: 1/1
   123 | D:1      | Reached XP level 2. HP: 18/19 MP: 2/2
   262 | D:1      | Reached XP level 3. HP: 18/24 MP: 3/3
   325 | D:1      | Reached ** piety under Trog
  1232 | D:2      | Reached skill level 1 in Stealth
  1319 | D:2      | Reached XP level 4. HP: 28/29 MP: 4/4
  1559 | D:2      | Found an ancient bone altar of Kikubaaqudgha.
  2097 | D:3      | Reached XP level 5. HP: 28/33 MP: 5/5
  2397 | D:4      | Reached *** piety under Trog
  2448 | D:4      | Noticed a hippogriff
  2576 | D:4      | Reached XP level 6. HP: 23/39 MP: 6/6
  2708 | D:4      | Noticed Sigmund
  2725 | D:4      | Slain by Sigmund

Skill      XL: |  1  2  3  4  5 |
---------------+----------------+-----
Axes           | 3 4 |  4.3
Dodging        | 2 |  2.5
Stealth        | 1 |  1.0
Fighting       | 4 |  4.3
Armour         | 3 |  3.5

Action                   |  1- 3 |  4- 6 || total
-------------------------+-------+-------++-------
Melee: Hand axe          |   339 |   157 ||   496
Invok: Berserk           |       |     2 ||     2
  Eat: Chunk             |     2 |     6 ||     8
Armor: Animal skin       |    20 |       ||    20
       Scale mail        |    28 |   113 ||   141
Dodge: Dodged            |    82 |    83 ||   165
